 Dungeon Crawl Stone Soup version 0.26-a0-490-gf8362a0c98 (webtiles) character file.

Game seed: 2710009639837936566

3435 ANON1729 the Covert (level 9, -8/85 HPs)
             Began as a Deep Dwarf Delver on Aug 4, 2020.
             Was a Follower of Makhleb.
             Mangled by a gnoll sergeant
             ... wielding a +0 halberd
              (17 damage)
             ... in a bailey.
             The game lasted 00:17:21 (7093 turns).

ANON1729 the Covert (Deep Dwarf Delver)             Turns: 7093, Time: 00:17:21

Health: -8/85      AC:  4    Str: 19    XL:     9   Next: 77%
Magic:  0/0        EV: 16    Int: 11    God:    Makhleb [*.....]
Gold:   346        SH:  0    Dex: 14    Spells: 8/8 levels left

rFire    . . .     SeeInvis .   n - +4 rapier
rCold    + . .     Faith    .   (no shield)
rNeg     . . .     Spirit   .   u - +0 leather armour {rC+}
rPois    .         Reflect  .   (no helmet)
rElec    .         Harm     .   (no cloak)
rCorr    .                      r - +0 pair of gloves
MR       +....                  (no boots)
Stlth    ++........             (no amulet)
HPRegen  0.00/turn              q - +4 ring of slaying
MPRegen  0.07/turn              (no ring)

@: non-regenerating, hasted, glowing, very quick
A: damage resistance, heal wounds, sense surroundings 2, no regeneration
a: Heal Wounds, Renounce Religion


You were in a bailey.
You worshipped Makhleb.
Makhleb was aware of your devotion.
You visited 2 branches of the dungeon, and saw 8 of its levels.
You also visited: Bailey.

You collected 346 gold pieces.

Inventory:

Hand Weapons
 a - a +0 hand axe
 n - a +4 rapier (weapon)
 y - a +0 war axe
Missiles
 l - 18 boomerangs (quivered)
Armour
 r - a +0 pair of gloves (worn)
 u - a +0 leather armour of cold resistance (worn)
Jewellery
 q - a +4 ring of slaying (left hand)
Wands
 g - a wand of digging (3)
 z - a wand of flame (26)
Scrolls
 b - a scroll of blinking {unknown}
 c - a scroll of fog
 d - a scroll of magic mapping
 e - a scroll of fear
 h - 3 scrolls of enchant armour {unknown}
 i - 2 scrolls of remove curse {unknown}
 j - 5 scrolls of identify {unknown}
 k - 5 scrolls of amnesia {unknown}
 s - 3 scrolls of teleportation {unknown}
 v - a scroll of noise {unknown}
Potions
 f - a potion of haste
 o - 2 potions of berserk rage {unknown}
 p - 2 potions of flight {unknown}
 t - 4 potions of heal wounds {unknown}
 w - a potion of stabbing {unknown}


   Skills:
 + Level 6.9 Fighting
 + Level 8.0 Axes
 + Level 8.0 Dodging
 + Level 10.8 Stealth


You had 8 spell levels left.
You didn't know any spells.
Your spell library was empty.

Dungeon Overview and Level Annotations

Branches:
Dungeon (7/15)             Temple (1/1) D:5          Bailey (1/1)

Altars:
Ashenzari
Cheibriados
Dithmenos
Elyvilon
Fedhas
Gozag
Hepliaklqana
Kikubaaqudgha
Makhleb
Nemelex Xobeh
Okawaru
Qazlal
Trog
Uskayaw
Xom
Yredelemnul
Zin

Shops:
D:5 [

Annotations:
D:4 1 runed translucent door, ANON1729's ghost, amateur PaDe
D:6 2 runed translucent doors, Prince Ribbit; iamserjio's ghost, novice DDFi


Innate Abilities, Weirdness & Mutations

You are resistant to damage.
You can heal yourself by infusing magical energy.
You passively map the area around you.
You do not regenerate.


Message History

Things that are here:
a +0 halberd; a +0 ring mail
There is an empty arch of ancient stone, spattered with blood here.
Items here: )) [[ ÷÷.
Items here: ( )))))))) [[[[[[[[ ÷÷÷÷.
You see here a hound skeleton.
There is a gate leading back out of this place, spattered with blood here.
You see here a throwing net.
You feel yourself speed up.
The gnoll sergeant hits you from afar with a +0 halberd!
* * * LOW HITPOINT WARNING * * *
You feel better.
The gnoll sergeant hits you from afar with a +0 halberd!
* * * LOW HITPOINT WARNING * * *
Okay, then.
The gnoll sergeant closely misses you.
You see here a hound skeleton.
You hit the gnoll sergeant but do no damage.
The gnoll sergeant hits you with a +0 halberd!!
You die...

* *...≈≈♣♣ , , ,*
#..≈.♣ , , ,#..≈.♣♣
,, ,#..≈..♣ ## ,,
#..≈..♣ .## ,
,#..≈..♣♣
..######..≈...♣♣
...#...'.).)...♣♣♣#
...'...'...)..gg@∩#
...#...'.......♣♣♣#
..######..≈...♣♣
.## + #..≈...♣ ## ,
#..≈...♣ , #..≈..♣♣
, #..≈.♣♣ , ,
###..≈.♣ * #...≈≈♣♣


You could see a gnoll sergeant (fast) and a gnoll shaman.

Vanquished Creatures
  Pikel (D:4)
  A wyvern (D:6)
  5 yaks
  A water moccasin (D:6)
  A sky beast (D:5)
  An ice beast (D:2)
  A phantom (D:4)
  3 ogres
  A centaur (D:6)
  A big kobold (D:7)
  A lemure (D:3)
  A bullfrog (D:6)
  3 gnoll sergeants (Bailey)
  A water moccasin zombie (D:5)
  A howler monkey (D:6)
  2 bullfrog zombies
  2 gnoll shamans (Bailey)
  4 hounds
  4 orc priests
  5 orc wizards
  A bullfrog skeleton (D:5)
  4 worker ants
  A hound skeleton (D:4)
  14 gnolls
  A howler monkey skeleton (D:6)
  10 adders
  An ooze (D:5)
  3 worms
  3 dart slugs
  6 leopard geckos
  22 orcs
  9 bats
  2 bat zombies (D:2)
  5 giant cockroaches
  17 goblins
  10 hobgoblins
  2 quokkas
  A ball python (D:1)
  8 frilled lizards
  12 kobolds
  A leopard gecko skeleton (D:5)
  A quokka zombie (D:5)
  7 rats
  A rat zombie (D:2)
182 creatures vanquished.

Vanquished Creatures (others)
  A centaur (D:5)
  An adder skeleton (D:5)
2 creatures vanquished.

Grand Total: 184 creatures vanquished

Notes
Turn   | Place    | Note
-------+----------+-------------------------------------------
     0 | D:5      | ANON1729 the Deep Dwarf Delver began the quest for the Orb.
     0 | D:5      | Reached XP level 1. HP: 20/20 MP: 1/1
    34 | D:5      | Noticed a water moccasin zombie
    58 | D:5      | Killed a water moccasin zombie
    58 | D:5      | Reached XP level 2. HP: 19/28 MP: 2/2
    58 | D:5      | Reached XP level 3. HP: 23/34 MP: 3/3
   165 | D:5      | Noticed a yak
   165 | D:5      | Noticed a yak
   307 | D:5      | Reached XP level 4. HP: 30/42 MP: 4/4
   513 | D:5      | Noticed a phantom
   548 | D:4      | Found a runed translucent door.
   548 | D:4      | Noticed Pikel
   549 | D:4      | Noticed a lemure
   549 | D:4      | Noticed a lemure
   550 | D:4      | Noticed a lemure
   552 | D:4      | Noticed a lemure
   686 | D:3      | Found an iron altar of Okawaru.
   756 | D:3      | Reached XP level 5. HP: 32/49 MP: 5/5
   950 | D:3      | Reached skill level 7 in Stealth
  1464 | D:3      | Found a bloodstained altar of Trog.
  2264 | D:2      | Noticed an ice beast
  2299 | D:2      | Killed an ice beast
  2299 | D:2      | Reached XP level 6. HP: 32/57 MP: 4/4
  2688 | D:2      | Found a hide-covered altar of Uskayaw.
  2780 | D:2      | Found an ancient bone altar of Kikubaaqudgha.
  3472 | D:4      | Reached XP level 7. HP: 35/64 MP: 5/5
  3565 | D:4      | Reached skill level 8 in Stealth
  3583 | D:4      | Killed Pikel
  3583 | D:4      | Reached skill level 5 in Fighting
  3583 | D:4      | Reached skill level 5 in Axes
  3583 | D:4      | Reached skill level 5 in Dodging
  3583 | D:4      | Reached XP level 8. HP: 42/74 MP: 5/5
  3611 | D:4      | Noticed ANON1729's ghost (amateur PaDe)
  4291 | D:5      | Found Afiuzav's Armour Shoppe.
  4344 | D:5      | Reached skill level 9 in Stealth
  4491 | D:6      | Found an opulent altar of Gozag.
  4586 | D:6      | Gained mutation: You passively map the area around you.
                  | [Deep Dwarf growth]
  4586 | D:6      | Reached XP level 9. HP: 43/82 MP: 6/6
  4711 | D:5      | Reached skill level 10 in Stealth
  5223 | D:5      | Found a staircase to the Ecumenical Temple.
  5304 | Temple   | Entered the Ecumenical Temple
  5375 | Temple   | Became a worshipper of Makhleb the Destroyer
  5972 | D:6      | Found a runed translucent door.
  5975 | D:6      | Noticed iamserjio's ghost (novice DDFi)
  5978 | D:6      | Noticed Prince Ribbit
  6038 | D:6      | Found a runed translucent door.
  6678 | D:7      | Found a flagged portal.
  6707 | Bailey   | Entered a bailey
  6744 | Bailey   | Reached * piety under Makhleb
  7093 | Bailey   | Mangled by a gnoll sergeant

Illustrated notes

Levels and vault maps discovered:
D:1:      dpeg_arrival_prison, layout_basic
D:2:      layout_basic, lemuel_zombie_altar_kikubaaqudgha, lemuel_round_altar,
          minmay_pentomino_z4
D:3:      kennysheep_big_flooded_room, layout_basic, okawaru_ov_weapons_minmay,
          grunt_decor_mini_mirrors, nrook_mini_vaults, skrybe_limestone_x,
          trog_hazing_becter
D:4:      layout_rooms, ebering_ghost_reflecting_pool, uniq_pikel
D:5:      layout_gridville, lemuel_temple_firewalk_a, serial_shops, shop
D:6:      layout_basic, ebering_ghost_sewer_f, grunt_gozag_breadcrumbs,
          uniq_prince_ribbit1
D:7:      layout_basic, old_standard_altar, lemuel_doored_altar, enter_bailey_3
Temple:   jpeg_temple_clearing
Bailey:   bailey_polearm_gnolls_kennysheep, bailey

Skill      XL: |  1  2  3  4  5  6  7  8  9 |
---------------+----------------------------+-----
Fighting       | 3 4 5 6 |  6.9
Axes           | 3 4 5 6 8 |  8.0
Dodging        | 3 4 5 6 8 |  8.0
Stealth        | 7 8 9 10 | 10.8

Action                   |  1- 3 |  4- 6 |  7- 9 || total
-------------------------+-------+-------+-------++-------
Melee: Hand axe          |    47 |   108 |       ||   155
       Rapier            |       |   149 |   269 ||   418
       War axe           |       |       |    13 ||    13
Throw: Boomerang         |       |     4 |       ||     4
 Abil: Heal Wounds       |     2 |     9 |    25 ||    36
Evoke: Wand              |       |       |     7 ||     7
  Use: Potion            |       |       |     3 ||     3
 Stab: Sleeping          |     1 |    14 |    10 ||    25
Armor: Leather armour    |     6 |    39 |    49 ||    94
Dodge: Dodged            |    40 |   192 |   306 ||   538

Table legend: (Time is in decaauts)
 A = Elapsed time spent in this place.
 B = Non-inter-level travel time spent in this place.
 C = Inter-level travel time spent in this place.
 D = Time resting spent in this place.
 E = Time spent auto-exploring this place.
 F = Levels seen in this place.
 G = Mean time per level.
                   A        B        C        D        E       F      G
               +--------+--------+--------+--------+--------+-----+--------+
         Total |   7208 |   6485 |    723 |   1601 |   3048 |   9 |  800.9 |
       Dungeon |   6718 |   6012 |    706 |   1483 |   2941 |   7 |  959.7 |
        Temple |     87 |     71 |     16 |      0 |     67 |   1 |   87.0 |
        Bailey |    402 |    402 |      0 |    118 |     40 |   1 |  402.0 |
               +--------+--------+--------+--------+--------+-----+--------+

Top non-repeatable levels by time:
     D:3: 1901 daAuts
     D:5: 1849 daAuts
     D:6: 1081 daAuts
     D:2: 854 daAuts
     D:4: 556 daAuts
     D:1: 421 daAuts
  Bailey: 402 daAuts
  Temple: 87 daAuts
     D:7: 54 daAuts
